 Dungeon Crawl Stone Soup version 0.28-a0-194-g42b4daccc1 (webtiles) character file.

Game seed: 8307118922130765400

2081 rabbitsville the Cleaver (level 9, 0/83 HPs)
             Began as a Minotaur Berserker on Aug 18, 2021.
             Was a Priest of Trog.
             Slain by a tengu warrior (16 damage)
             ... on level 7 of the Dungeon.
             The game lasted 00:21:19 (5884 turns).

rabbitsville the Cleaver (Minotaur Berserker)       Turns: 5884, Time: 00:21:20

Health: 0/83       AC: 11    Str: 26    XL:     9   Next: 6%
Magic:  8/8        EV: 11    Int:  4    God:    Trog [***...]
Gold:   208        SH:  0    Dex: 12    Spells: 8/8 levels left

rFire   + . .      SeeInvis .   z - +0 hand axe (freeze)
rCold   . . .      Faith    .   (no shield)
rNeg    . . .      Spirit   .   A - +4 ring mail of the Fife {Dex+3}
rPois   +          Reflect  .   (helmet restricted)
rElec   .          Harm     .   g - +0 cloak
rCorr   .          Rampage  .   r - +0 pair of gloves
Will    .....                   (no boots)
Stlth   +.........              (no amulet)
HPRegen 0.23/turn               i - ring of protection from fire
MPRegen 0.11/turn               y - ring of poison resistance

@: on berserk cooldown, slowed, very slow
A: horns 2, retaliatory headbutt
a: Renounce Religion, Berserk, Trog's Hand


You were on level 7 of the Dungeon.
You worshipped Trog.
Trog was most pleased with you.
You visited 1 branch of the dungeon, and saw 6 of its levels.

You collected 208 gold pieces.

Inventory:

Hand Weapons
 a - a +0 hand axe
 z - a +0 hand axe of freezing (weapon)
Missiles
 x - a throwing net (quivered)
Armour
 b - a +0 animal skin
 g - a +0 cloak (worn)
 r - a +0 pair of gloves (worn)
 A - the +4 ring mail of the Fife (worn) {Dex+3}
   (You found it on level 5 of the Dungeon)

   Dex:       It affects your dexterity (+3).
Jewellery
 i - a ring of protection from fire (left hand)
 p - a ring of fire
 y - a ring of poison resistance (right hand)
Scrolls
 e - a scroll of magic mapping {unknown}
 h - 2 scrolls of identify {unknown}
 j - a scroll of vulnerability {unknown}
 o - a scroll of teleportation {unknown}
 q - a scroll of holy word {unknown}
 u - a scroll of fog {unknown}
 v - a scroll of enchant armour {unknown}
Potions
 d - a potion of brilliance {unknown}
 f - a potion of ambrosia {unknown}
 k - a potion of resistance {unknown}
 l - a potion of flight {unknown}
 m - a potion of might {unknown}
 n - 3 potions of lignification {unknown}
 s - 2 potions of haste {unknown}
 t - a potion of cancellation {unknown}
 w - a potion of curing {unknown}


   Skills:
 + Level 9.0 Fighting
 * Level 11.9 Axes
 - Level 2.4 Armour
 - Level 2.1 Dodging


You had 8 spell levels left.
You didn't know any spells.
Your spell library was empty.

Dungeon Overview and Level Annotations

Branches:
Dungeon (5/15)             Temple (0/1) D:5

Altars:
Kikubaaqudgha
Trog
Uskayaw
Xom


Innate Abilities, Weirdness & Mutations

You have a pair of horns on your head.
You reflexively headbutt those who attack you in melee.


Message History

The tengu warrior is lightly wounded.
The tengu warrior hits you with a +0 bardiche!
The tengu warrior pecks you but does no damage.
The tengu warrior misses you.
You barely miss the tengu warrior. Your headbutt misses the tengu warrior.
The tengu warrior is lightly wounded.
The tengu warrior hits you with a +0 bardiche.
The tengu warrior closely misses you.
The tengu warrior claws you but does no damage.
You hit the tengu warrior. You freeze the tengu warrior.
Your headbutt misses the tengu warrior.
The tengu warrior is lightly wounded.
The tengu warrior hits you but does no damage.
The tengu warrior pecks you but does no damage.
The tengu warrior barely misses you.
You hit the tengu warrior. You freeze the tengu warrior.
The tengu warrior is lightly wounded.
The tengu warrior barely misses you. x2
The tengu warrior claws you but does no damage.
You barely miss the tengu warrior.
The tengu warrior is lightly wounded.
The tengu warrior hits you with a +0 bardiche!!
The tengu warrior pecks you but does no damage.
The tengu warrior claws you but does no damage.
The tengu warrior hits you but does no damage.
The tengu warrior hits you from afar with a +0 bardiche.
* * * LOW HITPOINT WARNING * * *
The orc wizard casts a spell at you.
You are confused.
The tengu warrior barely misses you.
You're too confused to move!
The tengu warrior misses you.
You are too confused!
The tengu warrior hits you from afar with a +0 bardiche.
* * * LOW HITPOINT WARNING * * *
You feel less confused. The tengu warrior closely misses you.
The tengu warrior pecks you but does no damage.
The tengu warrior closely misses you.
The tengu warrior hits you with a +0 bardiche!
You die...

. #+# .##.# ..#.#
#.#.######
#.#......#
#.#...##.#
##.#..###.###.#
#)†#(.oQ@.....#
##†#...###.##### {
##..#..## #.# ..
##Q.###.####.#
###.##.).#........#
........####.######
........# #.#
.......## #.#######
......# #........


You could see a tengu warrior and an orc wizard.

Vanquished Creatures
  A steam dragon (D:7)
  2 water moccasins (D:7)
  An orc warrior (D:7)
  A sky beast (D:7)
  A necrophage (D:7)
  3 ogres (D:4)
  Blork the orc (D:5)
  3 scorpions
  A wyvern skeleton (D:7)
  4 wights (D:3)
  2 centaur zombies
  An orc priest (D:4)
  2 centaur skeletons (D:4)
  A jelly (D:5)
  A bullfrog skeleton (D:5)
  2 hounds (D:4)
  Natasha (twice) (D:2)
  Terence (D:3)
  An iguana (D:7)
  4 orc wizards
  A scorpion zombie (D:5)
  A hound zombie (D:5)
  2 hound skeletons
  11 gnolls
  4 adders
  A shadow imp (D:7)
  A dart slug (D:3)
  10 orcs
  5 bats
  10 endoplasms
  5 giant cockroaches
  6 goblins
  10 hobgoblins
  5 jackals
  6 kobolds
  A quokka (D:4)
  8 ball pythons
  5 frilled lizards
  A quokka skeleton (D:4)
  8 rats
136 creatures vanquished.

Vanquished Creatures (others)
  5 plants (D:3)
5 creatures vanquished.

Grand Total: 141 creatures vanquished

Notes
Turn   | Place    | Note
-------+----------+-------------------------------------------
     0 | D:1      | rabbitsville the Minotaur Berserker began the quest for the
                  | Orb.
     0 | D:1      | Reached XP level 1. HP: 19/19 MP: 0/0
   107 | D:1      | Reached skill level 4 in Axes
   167 | D:1      | Reached XP level 2. HP: 26/27 MP: 1/1
   469 | D:1      | Reached ** piety under Trog
   653 | D:1      | Reached XP level 3. HP: 33/33 MP: 2/2
   962 | D:2      | Reached skill level 5 in Axes
  1352 | D:2      | Noticed Natasha
  1357 | D:2      | Killed Natasha
  1358 | D:2      | Reached XP level 4. HP: 38/41 MP: 3/3
  1390 | D:2      | Found a faded altar of an unknown god.
  1518 | D:2      | Noticed Natasha
  1532 | D:2      | Killed Natasha
  1739 | D:3      | Reached skill level 6 in Axes
  1739 | D:3      | Reached XP level 5. HP: 47/47 MP: 4/4
  1897 | D:3      | Noticed Terence
  1903 | D:3      | Killed Terence
  1904 | D:3      | Reached skill level 5 in Fighting
  2002 | D:3      | Found an ancient bone altar of Kikubaaqudgha.
  2348 | D:3      | Found a shimmering altar of Xom.
  3104 | D:3      | Reached skill level 7 in Axes
  3104 | D:3      | Reached XP level 6. HP: 56/56 MP: 5/5
  3377 | D:4      | Found a hide-covered altar of Uskayaw.
  3410 | D:4      | Reached *** piety under Trog
  3420 | D:4      | Reached skill level 8 in Axes
  3425 | D:4      | Reached XP level 7. HP: 44/63 MP: 6/6
  3708 | D:4      | Found a bloodstained altar of Trog.
  3954 | D:4      | Reached skill level 9 in Axes
  4606 | D:5      | Entered Level 5 of the Dungeon
  4939 | D:4      | Reached XP level 8. HP: 42/73 MP: 7/7
  5091 | D:5      | Found a staircase to the Ecumenical Temple.
  5135 | D:5      | Reached skill level 10 in Axes
  5173 | D:5      | Noticed Blork the orc
  5193 | D:5      | Killed Blork the orc
  5265 | D:5      | Identified the +4 ring mail of the Fife {Dex+3}
  5414 | D:5      | You fall into a shaft and drop 2 floors!
  5765 | D:7      | Reached skill level 11 in Axes
  5856 | D:7      | Noticed a tengu warrior
  5858 | D:7      | Reached XP level 9. HP: 82/82 MP: 8/8
  5884 | D:7      | Slain by a tengu warrior

Illustrated notes

Levels and vault maps discovered:
D:1:      dpeg_arrival_simpleton_b, layout_loops_ring, nrook_mini_vaults
D:2:      layout_basic, ebering_ecumenical_altar_webs, grunt_ministairs_12,
          uniq_natasha
D:3:      layout_basic, mainiacjoe_overflow_six_doors_small, marbit_many_paths,
          serial_bayou_pond_c, item_on_display_a, uniq_terence
D:4:      layout_loops_cross, trog_butcher_becter, mainiacjoe_overflow_paths
D:5:      layout_basic, minmay_temple_entry_proselytizer, st_stairs_11,
          minmay_between, uniq_blork_the_orc
D:7:      layout_loops_corners, chequers_serial_rivers_micro_e, nzn_random_ring

Skill      XL: |  1  2  3  4  5  6  7  8  9 |
---------------+----------------------------+-----
Axes           | 4 5 6 7 8 9 11 | 11.9
Fighting       | 4 5 6 7 8 9 |  9.0
Armour         | |  2.4
Dodging        | |  2.1

Action                   |  1- 3 |  4- 6 |  7- 9 || total
-------------------------+-------+-------+-------++-------
Melee: Hand axe          |    85 |   106 |   166 ||   357
       Headbutt          |    13 |    23 |    40 ||    76
Invok: Berserk           |       |     3 |     4 ||     7
       Trog's Hand       |       |       |     1 ||     1
  Use: Potion            |       |       |     3 ||     3
 Stab: Sleeping          |       |       |     1 ||     1
       Distracted        |       |       |     1 ||     1
Armor: Animal skin       |     5 |       |       ||     5
       Robe              |    22 |    37 |    30 ||    89
       Ring mail         |       |       |    34 ||    34
Dodge: Dodged            |    47 |    53 |    96 ||   196

Table legend: (Time is in decaauts)
 A = Elapsed time spent in this place.
 B = Non-inter-level travel time spent in this place.
 C = Inter-level travel time spent in this place.
 D = Time resting spent in this place.
 E = Time spent auto-exploring this place.
 F = Levels seen in this place.
 G = Mean time per level.
                   A        B        C        D        E       F      G
               +--------+--------+--------+--------+--------+-----+--------+
         Total |   5913 |   5822 |     91 |   1529 |   2092 |   6 |  985.5 |
       Dungeon |   5913 |   5822 |     91 |   1529 |   2092 |   6 |  985.5 |
               +--------+--------+--------+--------+--------+-----+--------+

Top non-repeatable levels by time:
     D:3: 1681 daAuts
     D:4: 1649 daAuts
     D:2: 917 daAuts
     D:1: 864 daAuts
     D:7: 458 daAuts
     D:5: 342 daAuts
